 Dungeon Crawl Stone Soup version 0.18.1-50-g88ac8fd (webtiles) character file.

72 Neder the Chopper (level 4, -7/35 HPs)
             Began as a Demonspawn Fighter on Oct 28, 2016.
             Killed by nerve-wracking pain
             ... invoked by Grinder
              (10 damage)
             ... on level 3 of the Dungeon.
             The game lasted 00:04:31 (1720 turns).

Neder the Chopper (Demonspawn Fighter)              Turns: 1720, Time: 00:04:32

Health: -7/35      AC:  6    Str: 17    XL:     4   Next: 7%
Magic:  4/4        EV:  6    Int:  9    God:
Gold:   58         SH:  8    Dex: 13    Spells: 0 memorised, 3 levels left

rFire  . . .     SeeInvis .     a - +0 war axe
rCold  . . .     Gourm    .     b - +0 scale mail
rNeg   . . .     Faith    .     c - +0 shield
rPois  .         Spirit   .     (helmet restricted)
rElec  .         Dismiss  .     (no cloak)
rCorr  .         Reflect  .     (no gloves)
SustAt .         Harm     .     (no boots)
MR     .....                    (no amulet)
Stlth  +.........               (no ring)
                                (no ring)

@: not resistant to hostile enchantments, very unstealthy
A: antennae 1, nightstalker 1
a: no special abilities


You were on level 3 of the Dungeon.
You were hungry.

You visited 1 branch of the dungeon, and saw 3 of its levels.

You collected 58 gold pieces.

Inventory:

Hand Weapons
 a - a +0 war axe (weapon)
Armour
 b - a +0 scale mail (worn)
 c - a +0 shield (worn)
Wands
 k - a wand of polymorph (15/24)
Scrolls
 j - a scroll of identify {unknown}
 m - 2 scrolls of fog {unknown}
 n - a scroll of noise {unknown}
 p - 2 scrolls of teleportation {unknown}
Potions
 d - 4 potions of might
 e - 2 potions of brilliance {unknown}
 g - 2 potions of magic {unknown}
 h - a potion of haste {unknown}
 i - a potion of curing {unknown}
 q - a potion of cancellation {unknown}
Comestibles
 f - 3 bread rations
 l - a beef jerky
 o - 2 meat rations


   Skills:
 - Level 3.0 Fighting
 + Level 4.0 Axes
 - Level 2.6 Armour
 - Level 2.6 Shields


You had 3 spell levels left.
You didn't know any spells.

Dungeon Overview and Level Annotations

Branches:
Dungeon (3/15)

Altars:
Gozag
Qazlal
Trog

Annotations:
D:3 Grinder


Innate Abilities, Weirdness & Mutations

You have a pair of small antennae on your head.
You are slightly more attuned to the shadows.


Message History

Pain shoots through your body!
Your shield prevents you from hitting Grinder.
Grinder is moderately wounded.
Grinder gestures at you.
You suddenly lose the ability to move!
Grinder hits you.
You writhe in agony.
* * * LOW HITPOINT WARNING * * *
Grinder grins, showing sharp teeth.
Grinder blinks!
You can move again.
Grinder says, "DUCK!"
Grinder gestures at you. Pain shoots through your body!
* * * LOW HITPOINT WARNING * * *
Unknown command.
You slash Grinder!
Grinder is heavily wounded.
Grinder gestures at you. Pain shoots through your body!
You die...

### ### ..#
#.. #.#.# #.
#.# #.)
##.##.#
##.@#.##.
#..5......
##..#.##.#
#..##.#
#...##..
#.###..###.#
#...[......#
#####..#####
#..#


You could see Grinder.

Vanquished Creatures
  3 adders (D:2)
  3 worms (D:2)
  2 dart slugs
  A bat (D:1)
  2 giant cockroaches (D:1)
  4 hobgoblins
  5 kobolds
  4 giant newts (D:2)
  6 goblins
  7 rats
37 creatures vanquished.

Vanquished Creatures (others)
  An adder (D:2)
1 creature vanquished.

Grand Total: 38 creatures vanquished

Notes
Turn   | Place    | Note
--------------------------------------------------------------
     0 | D:1      | Neder the Demonspawn Fighter began the quest for the Orb.
     0 | D:1      | Reached XP level 1. HP: 18/18 MP: 1/1
    38 | D:1      | Reached skill level 2 in Axes
   134 | D:1      | Gained mutation: You have a pair of small antennae on your head. [demonic ancestry]
   134 | D:1      | Reached XP level 2. HP: 24/24 MP: 2/2
   480 | D:2      | Reached skill level 3 in Axes
   480 | D:2      | Reached XP level 3. HP: 18/29 MP: 3/3
   624 | D:2      | Found a stormy altar of Qazlal.
   643 | D:2      | Found a bloodstained altar of Trog.
   644 | D:2      | Found an opulent altar of Gozag.
  1505 | D:2      | Gained mutation: You are slightly more attuned to the shadows. [demonic ancestry]
  1505 | D:2      | Reached XP level 4. HP: 35/35 MP: 4/4
  1627 | D:2      | Reached skill level 4 in Axes
  1702 | D:3      | Noticed Grinder
  1713 | D:3      | Paralysed by Grinder for 4 turns
  1720 | D:3      | Killed from afar by Grinder

Skill      XL: |  1  2  3  4 |
---------------+-------------+-----
Axes           | 2 3 4 |  4.0
Fighting       | |  3.0
Armour         | |  2.6
Shields        | |  2.6

Action                   |  1- 3 |  4- 6 || total
-------------------------+-------+-------++-------
Melee: War axe           |   104 |    10 ||   114
  Eat: Chunk             |     2 |       ||     2
Armor: Scale mail        |    36 |       ||    36
Dodge: Dodged            |    28 |     1 ||    29
Block: Shield            |    44 |     1 ||    45
